AoeStats
← Kristian Hegaard

Baltic

511001298Analyzed
4v4 RM · 8h ago on Oct 3, 2026· 48m 8s· 8 players
Game mode
Random Map
Map size
Large (8 player)
Population
200
Speed
Normal
Resources
Standard
Victory
Conquest
Starting age
Dark Age
Ending age
Imperial Age
RankedLock teamsTeams togetherTeam positionsShared explorationLock speedFull tech treeHidden civsTurbo modeCheats
Victory
Defeat
🇩🇰 Spanish · Denmark
1000
+40
🇨🇳 Huns · China
990
+13
🇺🇸 Chinese · United States
981
+14
🇹🇷 Franks · Türkiye
875
+19
🇧🇷 Celts · Brazil
948
-15
🇵🇱 Italians · Poland
944
-15
🇹🇳 Mongols · Tunisia
929
-32
🇬🇧 Spanish · United Kingdom
904
-14
_fizyk
7:28 Loom
10:51 Feudal Age
11:30 Double-Bit Axe
13:25 Gold Mining
22:05 Fletching
22:16 Padded Archer Armor
24:37 Castle Age
23:03 Stone Mining
25:44 Wheelbarrow
25:58 Medium Warships
25:56 Pikeman
26:36 Squires
26:07 Crossbowman
39:24 Imperial Age
39:27 Forging
HaweN
12:00 Feudal Age
14:55 Man-at-Arms
19:20 Forging
19:26 Scale Mail Armor
20:10 Horse Collar
21:10 Arson
21:19 Gold Mining
22:34 Fishing Lines
25:50 Castle Age
26:00 Pikeman
29:50 Stone Mining
31:52 Murder Holes
33:41 Double-Bit Axe
35:22 Wheelbarrow
36:29 Ballistics
36:04 Fletching
37:02 Gold Shaft Mining
38:15 Town Watch
Thermic_Marlin
9:06 Feudal Age
9:31 Double-Bit Axe
13:58 Gold Mining
18:20 Castle Age
17:36 Horse Collar
19:54 Heavy Plow
20:40 Forging
20:35 Scale Barding Armor
21:52 Bow Saw
23:52 Bloodlines
24:34 Husbandry
30:14 Wheelbarrow
29:25 Town Watch
29:27 Loom
34:06 Imperial Age
31:51 Hand Cart
32:03 Hand Cart
31:48 Town Patrol
34:13 Cavalier
35:33 Iron Casting
35:18 Chain Barding Armor
38:23 Blast Furnace
37:59 Plate Barding Armor
37:53 Paladin
39:48 Caravan
ak8403
7:53 Loom
12:18 Feudal Age
13:32 Double-Bit Axe
17:16 Wheelbarrow
18:06 Forging
17:59 Scale Mail Armor
21:47 Horse Collar
24:20 Castle Age
23:07 Scale Barding Armor
22:59 Fishing Lines
25:01 Gold Mining
28:56 Heavy Plow
29:11 Bow Saw
30:00 Iron Casting
33:21 Gold Shaft Mining
32:52 Husbandry
33:04 Bloodlines
37:40 Chain Barding Armor
37:41 Fletching
42:35 Imperial Age
43:19 Ballistics
42:57 Elite Steppe Lancer
45:25 Blast Furnace
46:08 Stone Mining
TocTheYoungr
0:27 Loom
13:24 Feudal Age
16:40 Wheelbarrow
18:14 Fletching
21:35 Castle Age
20:41 Double-Bit Axe
21:26 Stone Mining
22:34 Bodkin Arrow
23:37 Bow Saw
23:27 Gold Mining
23:35 Horse Collar
29:09 Heavy Plow
34:55 Town Watch
39:52 Imperial Age
39:44 Great Wall
40:25 Heated Shot
40:21 Arrowslits
40:27 Guard Tower
41:39 Chemistry
41:35 Bracer
43:14 Caravan
43:51 Ballistics
44:08 Keep
43:46 Careening
44:35 Masonry
44:29 Padded Archer Armor
45:35 Shipwright
45:12 Murder Holes
45:30 Fortified Wall
46:05 Hand Cart
46:06 Town Patrol
47:55 Two-Man Saw
47:44 Dry Dock
47:41 Elite Chu Ko Nu
Kristian Hegaard
6:32 Loom
10:08 Feudal Age
10:41 Double-Bit Axe
15:45 Wheelbarrow
25:41 Castle Age
25:03 Padded Archer Armor
25:23 Bloodlines
25:44 Horse Collar
26:58 Hand Cart
27:03 Leather Archer Armor
26:53 Husbandry
27:33 Caravan
27:56 Bow Saw
31:39 Imperial Age
31:44 Heavy Plow
32:50 Ring Archer Armor
32:08 Town Watch
32:45 Conscription
35:36 Coinage
35:19 Guilds
35:36 Gold Mining
35:40 Stone Mining
38:48 Scale Barding Armor
38:59 Forging
39:43 Stone Shaft Mining
39:18 Elite Conquistador
41:01 Guilds
44:45 Two-Man Saw
44:33 Hoardings
44:12 Town Patrol
44:17 Pikeman
44:57 Squires
45:00 Halberdier
45:29 Arson
45:46 Scale Mail Armor
46:24 Iron Casting
45:42 Fletching
46:15 Chain Barding Armor
DENVER
0:31 Loom
12:12 Feudal Age
13:30 Wheelbarrow
12:44 Double-Bit Axe
19:23 Castle Age
17:54 Gold Mining
17:57 Stone Mining
27:09 Hand Cart
33:17 Imperial Age
30:55 Scale Mail Armor
30:39 Treadmill Crane
31:53 Caravan
32:07 Forging
32:03 Scale Barding Armor
31:59 Padded Archer Armor
31:49 Fletching
31:51 Guard Tower
33:31 Chain Mail Armor
33:52 Iron Casting
33:29 Masonry
33:15 Murder Holes
33:31 Fortified Wall
33:56 Husbandry
37:11 Chemistry
35:56 Arrowslits
36:25 Cavalier
38:05 Gold Shaft Mining
37:43 Bow Saw
38:16 Chain Barding Armor
38:27 Plate Mail Armor
38:58 Blast Furnace
38:14 Leather Archer Armor
37:55 Bodkin Arrow
38:33 Heavy Scorpion
43:46 Plate Barding Armor
43:43 Architecture
43:18 Siege Engineers
43:34 Ballistics
42:37 Paladin
44:58 Town Watch
45:45 Conscription
47:08 Chivalry
String
11:12 Feudal Age
12:30 Loom
15:51 Bloodlines
16:21 Scale Barding Armor
16:27 Forging
24:02 Castle Age
27:38 Double-Bit Axe
27:34 Horse Collar
27:45 Gold Mining
27:46 Stone Mining
30:07 Bow Saw
29:58 Heavy Plow
29:50 Stone Mining
34:13 Imperial Age
33:03 Husbandry
33:25 Chain Barding Armor
33:45 Iron Casting
34:32 Marauders
35:23 Conscription
37:10 Two-Man Saw
36:48 Gold Shaft Mining
38:01 Wheelbarrow
39:03 Elite Tarkan
41:23 Plate Barding Armor
41:49 Blast Furnace
45:33 Squires
44:54 Pikeman
48:04 Blast Furnace
47:13 Halberdier
Connection lost

Rejoining the realm…

Still unreachable

The connection could not be restored.

Session expired

The server has moved on; the page needs a fresh start.